 Dungeon Crawl Stone Soup version 0.30-a0-341-g682706514a (webtiles) character file.

Game seed: 11193968239176085006

47 Elric the Trooper (level 3, -1/37 HPs)
             Began as an Ogre Warper on Nov 2, 2022.
             Slain by a rat (2 damage)
             ... on level 2 of the Dungeon.
             The game lasted 00:03:09 (1603 turns).

Elric the Trooper (Ogre Warper)                     Turns: 1603, Time: 00:03:10

Health: -1/37      AC:  3    Str: 15    XL:     3   Next: 70%
Magic:  6/6        EV:  9    Int: 16    God:
Gold:   56         SH:  0    Dex:  8    Spells: 4/6 levels left

rFire   . . .      SeeInvis .    a - +0 mace
rCold   . . .      Faith    .    (no shield)
rNeg    . . .      Spirit   .    b - +0 robe
rPois   .          Reflect  .    (helmet restricted)
rElec   .          Harm     .    (no cloak)
rCorr   .          Rampage  .    (gloves unavailable)
Will    .....                    (boots unavailable)
Stlth   +.........               (no amulet)
HPRegen 0.26/turn                (no ring)
MPRegen 0.10/turn                (no ring)

@: hasted and slowed
A: large, unfitting armour, tough skin 1
a: no special abilities


You were on level 2 of the Dungeon.
You visited 1 branch of the dungeon, and saw 2 of its levels.

You collected 56 gold pieces.

Inventory:

Hand Weapons
 a - a +0 mace (weapon)
Missiles
 d - 5 boomerangs of dispersal (quivered)
Armour
 b - a +0 robe (worn)
Scrolls
 c - 4 scrolls of blinking
 f - 3 scrolls of identify
 g - 4 scrolls of teleportation {unknown}
 h - a scroll of magic mapping {unknown}
 k - a scroll of amnesia
Potions
 e - a potion of curing
 j - a potion of berserk rage


   Skills:
 + Level 3.5 Fighting
 + Level 2.3 Maces & Flails
 - Level 1.0 Throwing
 - Level 2.1 Dodging
 - Level 2.4 Spellcasting
 * Level 3.4 Translocations


You had 4 spell levels left.
You knew the following spells:

 Your Spells              Type           Power      Damage    Failure   Level
a - Blink                 Tloc           26%        N/A       7%          2

Your spell library contained the following spells:

 Spells                   Type           Power      Damage    Failure   Level
 Lesser Beckoning         Tloc           26%        N/A       14%         3
 Teleport Other           Tloc           13%        N/A       14%         3
 Vhi's Electric Charge    Tloc/Air       14%        N/A       28%         3
 Cigotuvi's Dreadful Rot  Necr/Pois/Air  2%         N/A       30%         2
 Poisonous Vapours        Pois/Air       2%         N/A       30%         2
 Manifold Assault         Tloc           13%        N/A       43%         4
 Mephitic Cloud           Conj/Pois/Air  1%         N/A       52%         3


Dungeon Overview and Level Annotations

Branches:
Dungeon (2/15)

Altars:

Annotations:
D:2 Natasha


Innate Abilities, Weirdness & Mutations

You are too large for most types of armour.
You have tough skin. (AC +1)


Message History

Natasha barely misses you.
You hit Natasha.
Natasha is heavily wounded.
Natasha barely misses you.
You closely miss Natasha.
Natasha is heavily wounded.
Natasha claws you.
You miss Natasha.
Natasha is heavily wounded.
Natasha claws you. Natasha barely misses you.
You miss Natasha.
Natasha is heavily wounded.
The rat bites you. Natasha claws you.
Throw: 6 boomerangs (disperse)
Press: ? - help, Q - select action, (/) - cycle Shift-Dir - straight line, f - Natasha
Aim: Natasha (heavily wounded, 45% to hit)
You throw a boomerang of dispersal.
The boomerang of dispersal closely misses Natasha.
Natasha claws you.
* * * LOW HITPOINT WARNING * * *
The rat bites you but does no damage.
As you read the scroll labelled XIANKU TAFAO, it crumbles to dust.
It is a scroll of amnesia.
Forget Blink, freeing 2 spell levels for a total of 6?
Really abort (and waste the scroll)?
Okay, then.
Natasha casts a spell.
The rat bites you.
* * * LOW HITPOINT WARNING * * *
As you read the scroll labelled KEPPUTWERO, it crumbles to dust.
It is a scroll of identify.
j - a potion of berserk rage Natasha stares at you and mumbles some strange words.
You feel yourself slow down. The rat barely misses you.
The crimson imp blinks!
It was a potion of haste.
You feel yourself speed up.
Natasha stares at you and mumbles some strange words.
The magic dart hits you.
* * * LOW HITPOINT WARNING * * *
The rat closely misses you. The rat bites you.
You die...

..>.... # ..... .....
########## .... #........#
#.ยง# #.######.# #..## #.#
##'### #hr5# #.# #....# #@#
#.# #....# ##########.# #.#
#..... ##........).#
#.########## #.......#####
#........#.. #.......#
##########.#.# #.......#
...#######.#.# #.......#
#.........#..
#.......#########...........
##'#######.....###.#........


You could see Natasha, a crimson imp (summoned) and a rat.

Vanquished Creatures
  An adder (D:2)
  2 ball pythons (D:1)
  4 bats (D:1)
  3 endoplasms
  3 giant cockroaches (D:1)
  3 hobgoblins (D:1)
  6 jackals
  2 quokkas (D:1)
  3 frilled lizards (D:1)
  3 goblins
  2 rats (D:1)
32 creatures vanquished.

Notes
Turn   | Place    | Note
-------+----------+-------------------------------------------
     0 | D:1      | Elric the Ogre Warper began the quest for the Orb.
     0 | D:1      | Reached XP level 1. HP: 22/22 MP: 3/3
    48 | D:1      | Found a faded altar of an unknown god.
   167 | D:1      | Reached XP level 2. HP: 27/31 MP: 5/5
   636 | D:1      | Reached XP level 3. HP: 37/37 MP: 6/6
   639 | D:1      | Learned a level 2 spell: Blink
  1588 | D:2      | Noticed Natasha
  1603 | D:2      | HP: 1/37 [Natasha/magic dart (6)]
  1603 | D:2      | Slain by a rat

Illustrated notes

Levels and vault maps discovered:
D:1:      zelgadis_glass_arrival_small, layout_loops_ring,
          shapermc_ecumenical_altar_venn, kennysheep_small_spiral
D:2:      kennysheep_big_flooded_room, layout_basic, basic_altar, uniq_natasha

Skill      XL: |  1 |
---------------+----+-----
Fighting       | 3 |  3.5
Maces & Flails | 2 |  2.3
Translocations | 3 |  3.4
Throwing       | |  1.0
Dodging        | |  2.1
Spellcasting   | |  2.4

Action                   || total
-------------------------++-------
Melee: Mace              ||   145
Throw: Boomerang         ||     2
  Use: Scroll            ||     2
       Potion            ||     2
Armor: Robe              ||    64
Dodge: Dodged            ||    80

Table legend: (Time is in decaauts)
 A = Elapsed time spent in this place.
 B = Non-inter-level travel time spent in this place.
 C = Inter-level travel time spent in this place.
 D = Time resting spent in this place.
 E = Time spent auto-exploring this place.
 F = Levels seen in this place.
 G = Mean time per level.
                   A        B        C        D        E       F      G
               +--------+--------+--------+--------+--------+-----+--------+
         Total |   1647 |   1606 |     41 |    200 |   1103 |   2 |  823.5 |
       Dungeon |   1647 |   1606 |     41 |    200 |   1103 |   2 |  823.5 |
               +--------+--------+--------+--------+--------+-----+--------+

Top non-repeatable levels by time:
     D:1: 931 daAuts
     D:2: 716 daAuts
